 Dungeon Sprint DCSS version 0.31-a0-765-g67fe2935dc (webtiles) character file.

Game seed: 16131428744067274520

5239 sentinel the Brawler (level 10, -1/115 HPs)
             Began as a Troll Berserker on Sept 15, 2023.
             Was a High Priest of Trog.
             Slain by a demonic crawler (13 damage)
             ... in the Dungeon (Sprint I: "Red Sonja").
             The game lasted 00:07:10 (1061 turns).

sentinel the Brawler (Troll Berserker)              Turns: 1061, Time: 00:07:11

Health: -1/115     AC:  3    Str: 29    XL:     10   Next: 35%
Magic:  8/8        EV: 10    Int:  1    God:    Trog [*****.]
Gold:   621        SH: 14    Dex:  9    Spells: 9/9 levels left

rFire   . .          .
                       - Unarmed
rCold   . . .        d - +0 tower shield of Edeaxued {Rampage rPois}
rNeg    . . .        a - +0 animal skin
rPois   +            (helmet restricted)
rElec   .            (no cloak)
rCorr   .            (gloves unavailable)
SInv    .            (boots unavailable)
Will    .....        (no amulet) Stlth
                     (no ring)
HPRegen 1.19/turn    (no ring)
MPRegen 0.11/turn

%: no teleportation, rampage
@: berserking (expiring), very quick
A: large, unfitting armour, claws 3, regeneration 1, shaggy fur 1, tough skin 1,
clumsy 1, deformed body, dopey 1, frail 3, low MP 1, inability to drink after
injury 2, inability to read after injury 1
a: Renounce Religion, Berserk, Trog's Hand, Brothers in Arms


You were in the Dungeon.
You worshipped Trog.
Trog was extremely pleased with you.
You visited 1 branch You collected 809 gold pieces.
You spent 188 gold pieces at shops.

Inventory:

Hand Weapons
 c - a +0 dagger of distortion
Missiles
 g - 3 curare-tipped darts
Armour
 a - a +0 animal skin (worn)
 d - the +0 tower shield of Edeaxued (worn) {Rampage rPois}
   (You bought it in a shop in the Dungeon)

   rPois:     It protects you from poison Rampage: It bestows one free step when
   moving towards enemies.
Wands
 b - a wand of charming (16)
Scrolls
 z - a scroll of blinking
Potions
 e - 2 potions of magic
 f - a potion of berserk rage
 h - a potion of haste
 q - 4 potions of curing
 w - a potion of heal wounds


   Skills:
 + Level 10.9 Fighting
 - Level 8.0 Dodging
 + Level 8.1 Shields
 * Level 17.5 Unarmed Combat


You had 9 spell levels left.
You didn't know any spells.
Your spell library was empty.

Dungeon Overview and Level Annotations

Branches:
Dungeon (1/1) Zot: 27000

Altars:
Cheibriados
Dithmenos
Elyvilon
Fedhas
Gozag
Hepliaklqana
Kikubaaqudgha
Makhleb
Nemelex Xobeh
Okawaru
Qazlal
Ru
Sif Muna
Trog
Uskayaw
Vehumet
Wu Jian
Xom
Yredelemnul
Zin
The Shining One
Jiyva
Lugonu

Shops:
D ([?*([[


Innate Abilities, Weirdness & Mutations

You are too large for most types of armour.
You have claws for hands.
Your natural rate of healing is unusually fast.
You are covered in fur. (AC +1)
You have tough skin. (AC +1)
You are clumsy. (Dex -2)
Armour fits poorly on your strangely shaped body.
You are dopey. (Int -2)
You are extremely frail. (-30% HP)
Your magical capacity is low. (-10% MP)
You sometimes lose the ability to drink potions when taking damage.
You occasionally lose the ability to read scrolls when taking damage.


Message History

The shining eye gazes at you.
Strange energies course through your body.
You feel clumsy.
You mangle the shining eye!!
The shining eye is almost dead.
The shining eye gazes at you.
Strange energies course through your body.
You lose the ability to drink potions when taking damage more often.
You eviscerate the shining eye!!!
You kill the shining eye!
Trog accepts your kill.
Your Shields skill increases to level 7!
You have reached level 10!
You scratch the shining eye but do no damage.
You claw the shining eye!
The shining eye is moderately wounded.
You scratch the shining eye.
The shining eye is moderately wounded.
You scratch the shining eye.
The shining eye is moderately wounded.
The shining eye gazes at you.
Strange energies course through your body.
You feel frail.
You eviscerate the shining eye!!!
You kill the shining eye!
Trog accepts your kill.
Your Unarmed Combat skill increases to level 17!
You start waiting.
You feel yourself speed up.
You start waiting.
You recover from your berserk rage.
As you open the huge gate, it creaks loudly!
Found three shops.
Found Damuloiq's Antique Weapon Shop.
There is a huge open gate here.
There is an entrance to Damuloiq's Antique Weapon Shop here.
There is an entrance to Kaocwo Nyne's Armour Boutique here.
There is an entrance to Niwej's Magic Scroll Emporium here.
There is an entrance to Koipsew's Armour Shoppe here.
You can access your shopping list by pressing '$'.
There is an entrance to Niwej's Magic Scroll Emporium here.
There is a huge open gate here.
There is a huge open gate here.
As you open the door, it creaks loudly!
There is an open door here.
There is an open door, spattered with blood here.
There is an open door here.
There is an entrance to Polakett's Armour Emporium here.
There is an open door here.
There is an open door, spattered with blood here.
There is an open door, spattered with blood here.
You see here 3 stones.
There is an open door here.
There is an open door, spattered with blood here.
There is an open door here.
You open the door.
A kobold demonologist and a floating eye come into view.
A red film seems to cover your vision as you go berserk!
You feel yourself moving faster!
You feel mighty!
You claw the floating eye!
The floating eye is severely wounded.
You mangle the floating eye!!
You kill the floating eye!
Trog accepts your kill.
You rampage towards the kobold demonologist!
A kobold demonologist comes into view. It is wielding a +0 dagger.
You eviscerate the kobold demonologist!!!
The kobold demonologist is almost dead.
The kobold demonologist shouts!
The kobold demonologist hits you with a +0 dagger.
You barely miss the kobold demonologist.
The kobold demonologist is almost dead.
You block the kobold demonologist's attack.
The kobold demonologist hits you with a +0 dagger.
You claw the kobold demonologist!
You feel the power of Trog in you as your rage grows.
You kill the kobold demonologist!
Trog accepts your kill.
Trog appreciates your killing of a magic user.
Trog grants you a weapon! Something appears at your feet!
You see here a +5 giant club of flaming.
You eviscerate the kobold demonologist!!!
You kill the kobold demonologist!
Trog accepts your kill.
Trog appreciates your killing of a magic user.
Your Shields skill increases to level 8!
No target in view!
Things that are here:
a +0 dagger; a +0 robe You feel a strong urge to attack something.
You start resting.
You feel your anger nearly subside.
You are no longer berserk.
You are exhausted.
You feel yourself slow down.
You start resting.
HP restored.
You start waiting.
You feel yourself speed up.
You start waiting.
You recover from your berserk rage.
You open the door. 4 demonic crawlers come into view.
The demonic crawler gives a hideous shriek! x2
Okay, then.
Aiming: Charm
Press: ? - help, Shift-Dir - straight line, f - demonic crawler
Aim: a demonic crawler (chance to affect: 17%)
Okay, then.
Unknown command.
A red film seems to cover your vision as you go berserk!
You feel yourself moving faster!
You feel mighty! The demonic crawler hits you.
The demonic crawler barely misses you. The demonic crawler hits you!
You closely miss the demonic crawler. The demonic crawler closely misses you.
The demonic crawler hits you. You block the demonic crawler's attack.
You mangle the demonic crawler!!
The demonic crawler is moderately wounded.
The demonic crawler hits you!! You block the demonic crawler's attack.
The demonic crawler barely misses you.
You barely miss the demonic crawler.
The demonic crawler is moderately wounded.
The demonic crawler closely misses you. You block the demonic crawler's attack.
The demonic crawler barely misses you.
You eviscerate the demonic crawler!!!
The demonic crawler is severely wounded.
You claw the demonic crawler!
The demonic crawler is almost dead.
You mangle the demonic crawler!!
The demonic crawler is heavily wounded.
The demonic crawler hits you! The demonic crawler hits you.
The demonic crawler hits you but does no damage.
The demonic crawler closely misses you. The demonic crawler hits you!
You block the demonic crawler's attack.
You scratch the demonic crawler.
The demonic crawler is almost dead.
The demonic crawler hits you!
* * * LOW HITPOINT WARNING * * *
The demonic crawler barely misses you. You block the demonic crawler's attack.
You barely miss the demonic crawler.
The demonic crawler is severely wounded.
You block the demonic crawler's attack. The demonic crawler hits you.
* * * LOW HITPOINT WARNING * * *
You block the demonic crawler's attack.
You barely miss the demonic crawler.
The demonic crawler is severely wounded.
The demonic crawler hits you!
* * * LOW HITPOINT WARNING * * *
You block the demonic crawler's attack. x2; The demonic crawler hits you.
* * * LOW HITPOINT WARNING * * *
The demonic crawler closely misses you. The demonic crawler hits you!
You die...

##################
.#..'..#__#..))..#
.)..#..'..'..#).s##+#
+#####'#__####..@ss.#
#...#(####)§#####s.+
##..##.#§~§§c# ##
_##'#_.+§~~§§
..'..._# _##_.#'#
_###'#.# ###
####.####+###.##
..'...'.....'.∩#


You could see 4 demonic crawlers.

Vanquished Creatures
  Sonja (D)
  A deep troll (D)
  8 shining eyes (D)
  2 kobold demonologists (D)
  A slime creature (D)
  Sigmund (D)
  A yak (D)
  5 floating eyes (D)
  An ogre (D)
  A jelly (D)
  Ijyb (D)
  A ballistomycete spore (D)
24 creatures vanquished.

Vanquished Creatures (others)
  A ballistomycete spore (D)
1 creature vanquished.

Grand Total: 25 creatures vanquished

Notes
Turn   | Place    | Note
-------+----------+-------------------------------------------
     0 | D        | sentinel the Troll Berserker began the quest for the Orb.
     0 | D        | Reached XP level 1. HP: 22/22 MP: 0/0
     1 | D        | Noticed Ijyb
    28 | D        | Killed Ijyb
    29 | D        | Reached skill level 5 in Unarmed Combat
    29 | D        | Reached XP level 2. HP: 17/31 MP: 1/1
    41 | D        | Noticed an ogre
    45 | D        | Killed an ogre
    46 | D        | Reached skill level 7 in Unarmed Combat
    46 | D        | Reached XP level 3. HP: 40/40 MP: 2/2
    46 | D        | Reached XP level 4. HP: 49/49 MP: 3/3
    52 | D        | Noticed Sigmund
    90 | D        | Killed Sigmund
    90 | D        | Reached ** piety under Trog
    91 | D        | Reached skill level 5 in Fighting
    91 | D        | Reached skill level 5 in Dodging
    91 | D        | Reached skill level 9 in Unarmed Combat
    91 | D        | Reached XP level 5. HP: 59/59 MP: 4/4
    91 | D        | Reached XP level 6. HP: 67/67 MP: 5/5
   137 | D        | Found a burning altar of Makhleb.
   137 | D        | Found a viscous altar of Jiyva.
   137 | D        | Found a shimmering altar of Xom.
   137 | D        | Found a corrupted altar of Lugonu.
   137 | D        | Noticed a slime creature
   143 | D        | Killed a slime creature
   144 | D        | Reached skill level 10 in Unarmed Combat
   167 | D        | Found an ornate altar of the Wu Jian Council.
   167 | D        | Found a shimmering blue altar of Sif Muna.
   169 | D        | Found a radiant altar of Vehumet.
   178 | D        | Found Toimu's Assorted Antiques.
   178 | D        | Found an ancient bone altar of Kikubaaqudgha.
   178 | D        | Found a hazy altar of Hepliaklqana.
   178 | D        | Found a stormy altar of Qazlal.
   178 | D        | Found a hide-covered altar of Uskayaw.
   178 | D        | Found a blossoming altar of Fedhas.
   178 | D        | Found a bloodstained altar of Trog.
   178 | D        | Found an iron altar of Okawaru.
   178 | D        | Found a basalt altar of Yredelemnul.
   178 | D        | Found a glowing golden altar of the Shining One.
   178 | D        | Found a snail-covered altar of Cheibriados.
   178 | D        | Found a sacrificial altar of Ru.
   178 | D        | Found a glowing silver altar of Zin.
   178 | D        | Found a shadowy altar of Dithmenos.
   178 | D        | Found a white marble altar of Elyvilon.
   178 | D        | Noticed a yak
   181 | D        | Killed a yak
   181 | D        | Reached *** piety under Trog
   182 | D        | Reached skill level 11 in Unarmed Combat
   182 | D        | Reached XP level 7. HP: 67/78 MP: 6/6
   182 | D        | Found an opulent altar of Gozag.
   183 | D        | Found a sparkling altar of Nemelex Xobeh.
   208 | D        | Noticed a centaur warrior
   217 | D        | Noticed Sonja
   390 | D        | Noticed a deep troll
   397 | D        | Killed a deep troll
   398 | D        | Reached skill level 13 in Unarmed Combat
   398 | D        | Reached XP level 8. HP: 88/88 MP: 7/7
   434 | D        | Found Polakett's Armour Emporium.
   441 | D        | Bought the +0 tower shield of Edeaxued {Rampage rPois} for
                  | 188 gold pieces
   465 | D        | Killed Sonja
   466 | D        | Reached skill level 1 in Shields
   681 | D        | Found Potew's Weapon Boutique.
   681 | D        | Noticed a shining eye
   681 | D        | Noticed a shining eye
   819 | D        | Killed a shining eye
   819 | D        | Reached **** piety under Trog
   820 | D        | Reached skill level 14 in Unarmed Combat
   820 | D        | Noticed a shining eye
   823 | D        | Killed a shining eye
   824 | D        | Reached XP level 9. HP: 98/98 MP: 8/8
   870 | D        | Paralysed by a floating eye for 2 turns
   879 | D        | Killed a shining eye
   880 | D        | Reached skill level 5 in Shields
   880 | D        | Reached skill level 15 in Unarmed Combat
   880 | D        | Noticed a shining eye
   880 | D        | Noticed a shining eye
   880 | D        | Noticed a shining eye
   880 | D        | Gained mutation: Your magical capacity is low. (-10% MP) [a
                  | shining eye]
   882 | D        | Killed a shining eye
   883 | D        | Noticed a shining eye
   883 | D        | Noticed a shining eye
   886 | D        | Killed a shining eye
   887 | D        | Reached skill level 10 in Fighting
   887 | D        | Reached skill level 16 in Unarmed Combat
   889 | D        | Killed a shining eye
   889 | D        | Reached ***** piety under Trog
   889 | D        | Paralysed by a floating eye for 4 turns
   891 | D        | Gained mutation: Armour fits poorly on your strangely
                  | shaped body. [a shining eye]
   894 | D        | Gained mutation: You are dopey. (Int -2) [a shining eye]
   895 | D        | Gained mutation: You occasionally lose the ability to read
                  | scrolls when taking damage. [a shining eye]
   896 | D        | Gained mutation: You are frail. (-10% HP) [a shining eye]
   897 | D        | Paralysed by a floating eye for 3 turns
   900 | D        | Gained mutation: You occasionally lose the ability to drink
                  | potions when taking damage. [a shining eye]
   902 | D        | Gained mutation: You are very frail. (-20% HP) [a shining
                  | eye]
   903 | D        | Gained mutation: You are clumsy. (Dex -2) [a shining eye]
   904 | D        | Gained mutation: You sometimes lose the ability to drink
                  | potions when taking damage. [a shining eye]
   905 | D        | Killed a shining eye
   906 | D        | Reached XP level 10. HP: 88/88 MP: 8/8
   909 | D        | Gained mutation: You are extremely frail. (-30% HP) [a
                  | shining eye]
   910 | D        | Killed a shining eye
   911 | D        | Reached skill level 17 in Unarmed Combat
   935 | D        | Found Koipsew's Armour Shoppe.
   935 | D        | Found Kaocwo Nyne's Armour Boutique.
   935 | D        | Found Niwej's Magic Scroll Emporium.
   936 | D        | Found Damuloiq's Antique Weapon Shop.
  1010 | D        | Received a gift from Trog
  1051 | D        | Noticed a demonic crawler
  1051 | D        | Noticed a demonic crawler
  1051 | D        | Noticed a demonic crawler
  1051 | D        | Noticed a demonic crawler
  1061 | D        | Slain by a demonic crawler

Illustrated notes

Levels and vault maps discovered:
D:        dungeon_sprint_1 [red_sonja_temple_1, red_sonja_temple_small_1]

Skill      XL: |  1  2  3  4  5  6  7  8  9 10 |
---------------+-------------------------------+-----
Fighting       | 3 4 5 7 8 9 10 | 10.9
Dodging        | 3 4 5 7 8 |  8.0
Unarmed Combat | 5 7 9 11 13 14 16 17 | 17.5
Shields        | 4 7 8 |  8.1

Action                     |  1- 3 |  4- 6 |  7- 9 | 10-12 || total
---------------------------+-------+-------+-------+-------++-------
  Melee: Unarmed           |    13 |    10 |    42 |    20 ||    85
         Punch             |       |     1 |       |       ||     1
 Invoke: Berserk           |     1 |     2 |     4 |     2 ||     9
         Trog's Hand       |       |       |     1 |       ||     1
  Evoke: Wand              |       |     1 |     6 |       ||     7
    Use: Scroll            |       |       |     2 |       ||     2
   Stab: Paralysed         |       |       |     2 |       ||     2
 Armour: Animal skin       |    11 |     3 |     8 |    15 ||    37
  Dodge: Dodged            |     5 |     4 |    11 |     8 ||    28
  Block: Tower shield      |       |       |       |    10 ||    10

Table legend: (Time is in decaauts)
 A = Elapsed time spent in this place.
 B = Non-inter-level travel time spent in this place.
 C = Inter-level travel time spent in this place.
 D = Time resting spent in this place.
 E = Time spent auto-exploring this place.
 F = Levels seen in this place.
 G = Mean time per level.
                   A        B        C        D        E       F      G
               +--------+--------+--------+--------+--------+-----+--------+
         Total |   1125 |   1095 |     30 |    656 |      1 |   1 | 1125.0 |
       Dungeon |   1125 |   1095 |     30 |    656 |      1 |   1 | 1125.0 |
               +--------+--------+--------+--------+--------+-----+--------+

Top non-repeatable levels by time:
       D: 1125 daAuts
